woodfighter, chaotic female human Priestess ------- ------- |.._..| --..|`.. |*...*| ----- --...#. |.....| |(((| --------- --....|-+------+-- ----@---- |...| --.....%.-- --.....#..........-----|..q....|---------|--- --------.........----.....--..%............#.......#.....||.....| --.%........}}})..........--[....%.....%................`.|-.....| |<......%%..}{}....[.....[%.....%.[).%..%[.............._.-...(..| --.....)....}}}...........--.....).%....)...............`.|-.....| --------.........----.....--...............#.......#.....||.....| --.......-- --.....#...)......-----|.......|------------- --------- --....|-+------+-- ----|---- --...#. ... --..|`.. `...` -------- |.._..| ------- woodfighter the Adept Experience level: 9 Strength: 17 Dexterity: 13 Constitution: 16 Intelligence: 16 Wisdom: 10 Charisma: 11 Health: 0(77) Energy: 84(84) Def: 11 Gold: 0 Moves: 6926 Dungeon seed: K-_o3KoJoMOwb1Xg Game ID: woodfighter_1578376191 Your Inventory: Amulets x - an amulet of reflection (being worn) Weapons a - a blessed +1 mace (weapon in hand) h - 5 blessed +0 dwarvish spears (in quiver) Armor g - a blessed +0 elven mithril-coat (being worn) n - a +0 small shield (being worn) r - a +0 pair of iron shoes (being worn) u - a blessed +1 dwarvish cloak (being worn) E - a blessed +1 orcish helm (being worn) Comestibles B - 4 magic beans L - an apple S - 2 sprigs of wolfsbane V - 3 food rations Spellbooks M - a spellbook of haste self Wands d - a wand of teleportation (0:7) f - a wand of digging (0:6) Tools b - a stethoscope q - a -3 unicorn horn w - a magic whistle y - a credit card O - a blessed oil lamp (0:797) W - a towel X - a +0 pick-axe Spells and supernatural/magical abilities: Name Level Category Fail Memory l - light 1 divination 100% 66% p - protection 1 clerical 100% 66% E - detect food 2 divination 100% 66% S - stone to flesh 3 healing 100% 100% W - pray for help -- divine ? -- X - turn undead -- divine ? -- Your skills at the end: Miscellaneous Skills shield [Basic] wands [Basic] Weapon Skills mace [Expert] Spellcasting Skills clerical spells [Basic] Final Attributes: You were piously aligned. You were cold resistant. You were sleep resistant. Your writing hand was a little cramped from use. You were somewhat stealthy. You were fast. You had reflection. You are dead. Vanquished creatures: 2 giant mimics a quantum mechanic a small mimic a xan a freezing sphere a tiger a wraith a leather golem 3 wolves a winter wolf cub a panther a gremlin an orc-captain a mumak 4 giant spiders a scorpion 3 gnome kings a dwarf mummy a dingo a housecat a white unicorn a gnome mummy a soldier ant 6 Mordor orcs an Uruk-hai 4 orc shamans a rock mole a rock piercer a pony a fog cloud a shrieker a violet fungus 12 gnome lords 5 gnomish wizards 3 kobold mummies a red naga hatchling a guardian naga hatchling a gray ooze 2 giant ants a puppy a kitten 18 dwarves a homunculus 3 kobold lords an iguana 10 hill orcs a rothe a rabid rat 3 jitterbugs 2 giant bats a werejackal 3 killer bees 2 coyotes a gas spore 7 hobbits 5 acid blobs 2 large kobolds 2 geckos 6 hobgoblins 2 giant rats a brown mold 2 green molds 2 red molds 56 gnomes 13 garter snakes a gnome zombie 13 jackals 2 foxes 2 kobolds 9 newts 8 goblins 2 sewer rats 12 grid bugs 2 bats 13 lichens 6 kobold zombies 290 creatures vanquished. Voluntary challenges: You did not cause conflict. You were not invisible. You were not displaced. You were an atheist. You used a wielded weapon 480 times, starting on turn 11. You did not use plumbed fixtures. You did not drink any magical draughts. You read items or engraved 7 times, starting on turn 1848. You never genocided any monsters. You never polymorphed an object. You never changed form. You completed Sokoban on turn 3077, according to the rules. You used no wishes. You never split a pudding. You never wrote Elbereth's name. You never violated your personal moral code. Dungeon overview: The Dungeons of Doom: levels 1 to 7 Level 1 a long staircase Level 2 (box) a jewelry store Level 3 some fountains Level 4 stairs to The Gnomish Mines Level 5 many fountains Level 6 some fountains stairs to Sokoban Level 7 The Gnomish Mines: levels 5 to 13 Level 5 stairs to The Dungeons of Doom Level 6 Level 7 some shops, a temple to Chih Sung-tzu, a magic chest, some fountains Level 8 Level 9 Level 10 Level 11 Level 12 Level 13 <- You were here some altars to Moloch, a magic chest, a fountain Sokoban: levels 2 to 5 Level 2 a magic chest Level 3 Level 4 Level 5 a magic chest stairs to The Dungeons of Doom History has recorded: On T:1 you entered the Dungeons of Doom to retrieve the Amulet of Yendor! On T:266 you reached level 2 of The Dungeons of Doom. On T:680 you reached level 3 of The Dungeons of Doom. On T:684 you advanced to experience level 2. On T:828 you reached level 4 of The Dungeons of Doom. On T:986 you advanced to experience level 3. On T:1077 you reached level 5 of The Dungeons of Doom. On T:1163 you advanced to experience level 4. On T:1185 you reached level 1 of The Gnomish Mines. On T:1428 you reached level 6 of The Dungeons of Doom. On T:1622 you advanced to experience level 5. On T:1655 you reached level 7 of The Dungeons of Doom. On T:1748 you reached level 4 of Sokoban. On T:1766 you opened a magic chest. On T:1932 you reached level 3 of Sokoban. On T:2110 you reached level 2 of Sokoban. On T:2487 you reached level 1 of Sokoban. On T:2494 you advanced to experience level 6. On T:3077 you advanced to experience level 7. On T:3077 you entered the Sokoban zoo. On T:3868 you reached level 2 of The Gnomish Mines. On T:3994 you reached level 3 of The Gnomish Mines. On T:4207 you entered the Minetown temple On T:4208 you advanced to experience level 8. On T:4293 you reached level 4 of The Gnomish Mines. On T:4634 you reached level 5 of The Gnomish Mines. On T:5258 you reached level 6 of The Gnomish Mines. On T:5480 you reached level 7 of The Gnomish Mines. On T:5857 you advanced to experience level 9. On T:6056 you reached level 8 of The Gnomish Mines. On T:6696 you reached level 9 of The Gnomish Mines. On T:6696 you reached the bottom of the Mines. Score breakdown: Gold: 0 ( 0 points) Experience: 9 levels ( 800 points) Exploration: 13 levels ( 360 points) Discoveries: 27 items ( 1350 points) Variety of kills: 76 monsters ( 2000 points) Major goal: Sokoban/Mines ( 1500 points) Survival: died (score multiplied by 3) Total score: 18030 Latest messages: You read: "Why should you not hate your enemies. If you love them does that not place you at their mercy?". You see here a statue of a hill orc. You are now wielding your pick-axe. You start chipping the statue. You hit the statue with all your might. The statue shatters. You see here 42 rocks. Some text has been burned into the floor here. You read: "Why should you not hate your enemies. If you love them does that not place you at their mercy?". You start chipping the statue. You hit the statue with all your might. The statue shatters. There are a few objects here. M - a light green spellbook. You are now wielding your mace. You hit the leocrotta! The leocrotta claws you! The leocrotta bites! The leocrotta claws you! (2x) The leocrotta bites! You die... Final status: Goodbye woodfighter the Priestess, killed by a leocrotta... You died in The Gnomish Mines on dungeon level 13 with 18030 points, and 0 pieces of gold, after 6926 moves. You were level 9 with a maximum of 77 hit points when you died.